 Dungeon Crawl Stone Soup version 0.29-a0-275-g389c0b56f3 (webtiles) character file.

Game seed: 6937563425769931143

60 siradein the Vexing (level 3, -2/20 HPs)
             Began as a Deep Elf Arcane Marksman on Mar 10, 2022.
             Slain by an iguana (8 damage)
             ... on level 4 of the Dungeon.
             The game lasted 00:04:19 (1721 turns).

siradein the Vexing (Deep Elf Arcane Marksman)      Turns: 1721, Time: 00:04:20

Health: -2/20      AC:  5    Str:  7    XL:     3   Next: 80%
Magic:  0/8        EV: 12    Int: 19    God:
Gold:   94         SH:  0    Dex: 15    Spells: 0/7 levels left

rFire   . . .      SeeInvis .   a - +0 shortbow
rCold   . . .      Faith    .   (shield currently unavailable)
rNeg    . . .      Spirit   +   n - +0 leather armour
rPois   .          Reflect  .   j - +0 helmet
rElec   .          Harm     .   (no cloak)
rCorr   .          Rampage  .   (no gloves)
Will    .....                   m - +0 pair of boots
Stlth   +.........              h - amulet of guardian spirit
HPRegen 0.06/turn               (no ring)
MPRegen 0.11/turn               (no ring)

@: no status effects
A: no striking features
a: no special abilities


You were on level 4 of the Dungeon.
You visited 1 branch of the dungeon, and saw 3 of its levels.

You collected 94 gold pieces.

Inventory:

Hand Weapons
 a - a +0 shortbow (weapon)
Armour
 j - a +0 helmet (worn)
 m - a +0 pair of boots (worn)
 n - a +0 leather armour (worn)
Jewellery
 h - an amulet of guardian spirit (around neck)
 o - a ring of resist corrosion
Scrolls
 c - a scroll of vulnerability
 d - a scroll of fear {unknown}
 e - 2 scrolls of teleportation {unknown}
 f - a scroll of blinking {unknown}
 g - a scroll of immolation {unknown}
 k - a scroll of enchant armour {unknown}
 p - a scroll of identify {unknown}
Potions
 b - a potion of haste {unknown}
 i - 2 potions of curing {unknown}
 l - a potion of mutation {unknown}


   Skills:
 + Level 1.4 Fighting
 + Level 3.4 Bows
 + Level 3.1 Dodging
 + Level 2.5 Spellcasting
 + Level 4.5 Hexes


You couldn't memorise any spells.
You knew the following spells:

 Your Spells              Type           Power      Damage    Failure   Level
a - Slow                  Hex            76%        N/A       3%          1
b - Inner Flame           Hex/Fire       11%        N/A       28%         3
c - Portal Projectile     Hex/Tloc       22%        N/A       28%         3

Your spell library contained the following spells:

 Spells                   Type           Power      Damage    Failure   Level
 Cause Fear               Hex            9%         N/A       36%         4
 Summon Lightning Spire   Summ/Air       2%         N/A       94%         4
 Storm Form               Tmut/Air       1%         N/A       100%        7
 Maxwell's Capacitive Co  Air            1%         ∞         100%        8


Dungeon Overview and Level Annotations

Branches:
Dungeon (2/15)

Altars:

Annotations:
D:2 Sigmund


Message History

The goblin is heavily wounded.
The goblin hits you with a +0 club.
You shoot an arrow. The arrow hits the goblin!
You kill the goblin!
No target in view!
No target in view!
No target in view!
Magic restored.
HP restored.
Things that are here:
a +0 club; a goblin corpse A sourceless malevolence fills the Dungeon...
You fall into a shaft and drop 2 floors!
The shaft crumbles and collapses.
A hobgoblin, an endoplasm and an iguana come into view.
The hobgoblin shouts!
Found a scale mail, 9 gold pieces and a coppery potion.
The iguana hisses angrily.
Found a stone staircase leading down.
The hobgoblin closely misses you.
The iguana hisses menacingly.
The iguana bites you.
Really attack while wielding your +0 shortbow? [Y]es or [N]o only, please.
Really attack while wielding your +0 shortbow?
Okay, then.
The hobgoblin hits you. The iguana attacks as you move away!
The iguana bites you. The hobgoblin attacks as you move away!
The hobgoblin hits you. The iguana attacks as you move away!
The iguana bites you!
* * * LOW HITPOINT WARNING * * *
The iguana bites you but does no damage.
The endoplasm quivers.
The hobgoblin attacks as you move away!
The hobgoblin hits you but does no damage.
The hobgoblin attacks as you move away! The hobgoblin barely misses you.
The iguana attacks as you move away! The iguana barely misses you.
The endoplasm jiggles.
The iguana attacks as you move away! The iguana bites you!
You die...

. #######
....#####.....####
.......@lg......>#
....#####.....##.#
. ###...J.##.#
#..........#####
#.#####........#
#. ..##........# .
.............# .
#..##.....!..# ##
#. #..[.....#


You could see an iguana, an endoplasm and a hobgoblin.

Vanquished Creatures
  Robin (D:1)
  5 endoplasms
  A giant cockroach (D:1)
  13 goblins
  6 hobgoblins
  2 quokkas (D:1)
  4 ball pythons
  4 bats (D:1)
  4 kobolds
  3 rats
43 creatures vanquished.

Notes
Turn   | Place    | Note
-------+----------+-------------------------------------------
     0 | D:1      | siradein the Deep Elf Arcane Marksman began the quest for
                  | the Orb.
     0 | D:1      | Reached XP level 1. HP: 11/11 MP: 5/5
    13 | D:1      | Found a faded altar of an unknown god.
   108 | D:1      | Reached skill level 1 in Fighting
   111 | D:1      | Reached XP level 2. HP: 16/16 MP: 6/6
   648 | D:2      | Reached XP level 3. HP: 20/20 MP: 8/8
   652 | D:2      | Learned a level 3 spell: Inner Flame
   697 | D:2      | Noticed Sigmund
   792 | D:2      | Noticed Robin
  1413 | D:1      | Killed Robin
  1512 | D:2      | Learned a level 3 spell: Portal Projectile
  1708 | D:2      | You fall into a shaft and drop 2 floors!
  1721 | D:4      | Slain by an iguana

Illustrated notes

Levels and vault maps discovered:
D:1:      lightli_arrival_statuegarden, layout_rooms, basic_ecumenical_altar,
          kennysheep_nondescript, minmay_tetromino_o4
D:2:      layout_loops_cross, uniq_robin, uniq_sigmund
D:4:      layout_basic, serial_bayou, serial_bayou_lagoon_b,
          serial_bayou_pond_b, serial_bayou_pond_c, serial_bayou_lagoon_a,
          feat_on_display

Skill      XL: |  1  2  3 |
---------------+----------+-----
Fighting       | 1 |  1.4
Bows           | 3 |  3.4
Spellcasting   | 2 |  2.5
Dodging        | 3 |  3.1
Hexes          | |  4.5

Action                   || total
-------------------------++-------
 Fire: Shortbow          ||   127
 Cast: Slow              ||    10
Armor: Robe              ||     7
       Leather armour    ||    20
Dodge: Dodged            ||    58

Table legend: (Time is in decaauts)
 A = Elapsed time spent in this place.
 B = Non-inter-level travel time spent in this place.
 C = Inter-level travel time spent in this place.
 D = Time resting spent in this place.
 E = Time spent auto-exploring this place.
 F = Levels seen in this place.
 G = Mean time per level.
                   A        B        C        D        E       F      G
               +--------+--------+--------+--------+--------+-----+--------+
         Total |   1775 |   1725 |     50 |     46 |   1217 |   3 |  591.7 |
       Dungeon |   1775 |   1725 |     50 |     46 |   1217 |   3 |  591.7 |
               +--------+--------+--------+--------+--------+-----+--------+

Top non-repeatable levels by time:
     D:1: 1285 daAuts
     D:2: 476 daAuts
     D:4: 12 daAuts
